AoeStats
← GerryPrime

Fortress

508920224Analyzed
4v4 RM · 7d ago on Sep 24, 2026· 57m 1s· 8 players
Game mode
Random Map
Map size
Huge
Population
200
Speed
Normal
Resources
Standard
Victory
Conquest
Starting age
Dark Age
Ending age
Imperial Age
RankedLock teamsTeams togetherTeam positionsShared explorationLock speedFull tech treeHidden civsTurbo modeCheats
Victory
Defeat
🇿🇦 Japanese · South Africa
1067
+16
🇨🇴 Varangians · Colombia
1049
+16
🇳🇱 Saracens · Netherlands
1046
+17
🇪🇸 Bohemians · Spain
1009
+19
🇹🇼 Byzantines · Taiwan
1087
-18
🇵🇱 Franks · Poland
1082
-18
🇹🇼 Mongols · Taiwan
1061
-17
🇩🇪 Ethiopians · Germany
1006
-15
ckookies__
7:23 Feudal Age
7:49 Loom
10:52 Castle Age
10:26 Double-Bit Axe
10:31 Horse Collar
12:57 Loom
23:03 Husbandry
23:15 Bloodlines
29:23 Imperial Age
27:38 Scale Barding Armor
27:47 Forging
28:33 Wheelbarrow
29:22 Bow Saw
29:16 Heavy Plow
30:39 Conscription
31:42 Hand Cart
32:46 Town Watch
33:47 Gothikon
34:37 Elite Varangian Guard
35:18 Squires
35:03 Gambesons
35:26 Scale Mail Armor
36:02 Iron Casting
36:28 Chain Mail Armor
37:54 Caravan
38:59 Blast Furnace
39:07 Blast Furnace
38:39 Gold Mining
38:43 Stone Mining
39:44 Plate Mail Armor
42:20 Masonry
43:13 Light Cavalry
46:56 Chain Barding Armor
46:44 Hussar
49:47 Plate Barding Armor
49:12 Fletching
50:09 Arson
57:09 Bodkin Arrow
58:19 Chemistry
57:51 Architecture
57:58 Crop Rotation
Straat Kat
7:36 Feudal Age
11:59 Castle Age
9:47 Loom
11:40 Double-Bit Axe
11:37 Horse Collar
12:03 Scale Mail Armor
13:04 Forging
34:24 Imperial Age
32:30 Wheelbarrow
32:24 Squires
33:39 Chain Mail Armor
33:59 Iron Casting
35:55 Conscription
36:43 Plate Mail Armor
37:13 Blast Furnace
39:15 Elite Samurai
49:56 Hand Cart
49:26 Town Watch
49:54 Bow Saw
GerryPrime
7:41 Feudal Age
8:20 Double-Bit Axe
10:08 Horse Collar
13:12 Castle Age
15:13 Bow Saw
23:40 Fervor
27:39 Imperial Age
26:25 Fletching
26:36 Padded Archer Armor
29:15 Chemistry
28:35 Ballistics
29:29 Bodkin Arrow
29:50 Leather Archer Armor
31:30 Pikeman
32:42 Scale Mail Armor
32:53 Forging
33:14 Ring Archer Armor
32:51 Squires
33:53 Chain Mail Armor
34:56 Wheelbarrow
37:53 Halberdier
38:17 Halberdier
38:58 Elite Skirmisher
40:30 Arson
41:17 Hand Cart
47:08 Town Watch
47:36 Wagenburg Tactics
47:54 Conscription
49:12 Houfnice
51:16 Heavy Plow
52:29 Siege Engineers
BlandToaster625
8:12 Feudal Age
8:47 Double-Bit Axe
12:05 Castle Age
11:30 Double-Bit Axe
11:28 Horse Collar
11:49 Gold Mining
13:08 Bow Saw
13:38 Gold Shaft Mining
14:38 Forging
14:33 Scale Barding Armor
16:34 Iron Casting
16:41 Chain Barding Armor
21:01 Bloodlines
24:53 Bimaristan
29:15 Imperial Age
26:38 Fletching
26:48 Padded Archer Armor
26:55 Husbandry
29:50 Imperial Age
27:50 Redemption
30:58 Loom
31:49 Wheelbarrow
30:59 Town Watch
31:51 Elite Mameluke
33:46 Blast Furnace
33:21 Plate Barding Armor
32:53 Fletching
33:03 Padded Archer Armor
33:18 Heavy Plow
33:40 Ballistics
34:52 Chemistry
33:59 Fletching
33:31 Elite Skirmisher
35:58 Hand Cart
35:43 Town Patrol
37:08 Two-Man Saw
39:56 Bodkin Arrow
40:16 Leather Archer Armor
41:23 Fortified Wall
42:37 Bracer
42:52 Leather Archer Armor
49:21 Hoardings
49:43 Ring Archer Armor
49:52 Caravan
49:52 Stone Mining
50:46 Caravan
50:15 Heavy Camel Rider
54:55 Coinage
M@xAttacks
7:55 Feudal Age
7:40 Loom
8:31 Double-Bit Axe
13:38 Castle Age
12:25 Horse Collar
13:40 Fletching
13:55 Crossbowman
15:23 Heavy Plow
18:34 Bodkin Arrow
22:12 Bow Saw
29:23 Ballistics
45:50 Wheelbarrow
48:25 Wheelbarrow
51:34 Hand Cart
51:05 Town Watch
matys95
8:09 Feudal Age
12:08 Castle Age
11:03 Double-Bit Axe
14:55 Gold Mining
15:06 Stone Mining
17:15 Gold Shaft Mining
20:57 Scale Barding Armor
21:03 Forging
21:57 Husbandry
24:25 Light Cavalry
25:31 Chain Barding Armor
25:47 Iron Casting
27:09 Ordonnance Companies
30:28 Wheelbarrow
37:51 Imperial Age
35:43 Hand Cart
35:14 Loom
35:16 Town Watch
35:48 Fletching
37:57 Cavalier
38:07 Cranequins
40:15 Paladin
43:33 Chivalry
43:36 Bodkin Arrow
44:42 Blast Furnace
44:08 Ballistics
47:02 Heavy Mounted Crossbowman
49:03 Plate Barding Armor
48:35 Padded Archer Armor
50:44 Caravan
51:24 Coinage
50:51 Pikeman
51:31 Squires
51:47 Halberdier
56:09 Leather Archer Armor
55:54 Scale Mail Armor
Fruit
8:14 Feudal Age
10:09 Double-Bit Axe
12:49 Castle Age
12:49 Horse Collar
16:33 Bow Saw
21:59 Fletching
22:24 Crossbowman
24:36 Bodkin Arrow
24:41 Padded Archer Armor
27:20 Wheelbarrow
26:15 Elite Skirmisher
27:07 Gold Mining
30:53 Imperial Age
29:29 Gold Shaft Mining
29:35 Leather Archer Armor
30:27 Thumb Ring
31:34 Forging
30:58 Arbalester
34:32 Chemistry
33:52 Ballistics
34:22 Ballistics
34:12 Stone Mining
35:41 Two-Man Saw
34:43 Heavy Plow
34:47 Bracer
35:17 Ring Archer Armor
35:47 Treadmill Crane
36:54 Stone Shaft Mining
36:39 Scale Barding Armor
37:10 Iron Casting
37:24 Conscription
38:42 Capped Ram
40:38 Siege Ram
45:15 Ring Archer Armor
45:06 Chain Barding Armor
44:46 Scale Mail Armor
46:07 Light Cavalry
46:47 Husbandry
49:15 Caravan
50:40 Hussar
53:58 Plate Barding Armor
53:38 Chain Mail Armor
minH0W
7:30 Feudal Age
9:34 Loom
12:09 Castle Age
11:56 Double-Bit Axe
14:55 Horse Collar
36:54 Fletching
38:41 Fortified Wall
40:09 Bodkin Arrow
43:34 Elite Skirmisher
48:23 Wheelbarrow
Connection lost

Rejoining the realm…

Still unreachable

The connection could not be restored.

Session expired

The server has moved on; the page needs a fresh start.